 Dungeon Crawl Stone Soup version 0.24.0-1-gfbc8707122 (webtiles) character file.

Game seed: 3970875046201887492, levelgen mode: deterministic

48 Mrkan the Vexing (level 3, 0/36 HPs)
             Began as an Ogre Arcane Marksman on Oct 28, 2019.
             Was an Initiate of Trog.
             Succumbed to a kobold's poison
             ... on level 2 of the Dungeon.
             The game lasted 00:03:47 (1768 turns).

Mrkan the Vexing (Ogre Arcane Marksman)             Turns: 1768, Time: 00:03:48

Health: 0/36       AC:  3    Str: 14    XL:     3   Next: 72%
Magic:  6/6        EV: 10    Int: 14    God:    Trog [......]
Gold:   22         SH:  0    Dex: 10    Spells: 6/6 levels left

rFire    . . .     SeeInvis .   e - +0 whip
rCold    . . .     Gourm    .   (no shield)
rNeg     . . .     Faith    .   a - +0 robe
rPois    .         Spirit   .   (helmet restricted)
rElec    .         Reflect  .   (no cloak)
rCorr    .         Harm     .   (gloves unavailable)
MR       .....                  (boots unavailable)
Stlth    +.........             (no amulet)
HPRegen  0.12/turn              (no ring)
MPRegen  0.10/turn              (no ring)

@: lethally poisoned (0 -> -40), very slightly contaminated
A: large, unfitting armour, tough skin 1
a: Renounce Religion


You were on level 2 of the Dungeon.
You worshipped Trog.
Trog was noncommittal.
You were hungry.

You visited 1 branch of the dungeon, and saw 2 of its levels.

You collected 22 gold pieces.

Inventory:

Hand Weapons
 e - a +0 whip (weapon)
Missiles
 c - 4 large rocks (quivered)
 d - 2 throwing nets
 l - 37 stones
 n - 3 boomerangs
Armour
 a - a +0 robe (worn)
Magical Staves
 g - an uncursed staff of earth
Scrolls
 b - a scroll of magic mapping {unknown}
 h - a scroll of noise {unknown}
 i - a scroll of teleportation {unknown}
 j - a scroll of identify {unknown}
 k - a scroll of amnesia
 m - 2 scrolls of blinking
Comestibles
 f - 3 rations


   Skills:
 + Level 2.3 Fighting
 * Level 1.4 Maces & Flails
 - Level 2.0 Throwing
 - Level 1.7 Dodging
 - Level 2.0 Spellcasting
   Level 3.0 Hexes


You had 6 spell levels left.
You didn't know any spells.
Your spell library contained the following spells:

 Spells                   Type           Power        Failure   Level  Hunger
 Corona                   Hex            ##.....      7%          1    ##.....
 Slow                     Hex            ##......     10%         2    ###....
 Inner Flame              Hex/Fire       #.......     36%         3    ####...
 Portal Projectile        Hex/Tloc       #.....       36%         3    ####...
 Cause Fear               Hex            ##........   54%         4    #####..
 Leda's Liquefaction      Hex/Erth       #.........   77%         4    #####..


Dungeon Overview and Level Annotations

Branches:
Dungeon (2/15)

Altars:
Trog
Wu Jian
Xom
The Shining One


Innate Abilities, Weirdness & Mutations

You are too large for most types of armour.
You have tough skin. (AC +1)


Message History

You aren't carrying any potions.
Okay, then.
As you read the scroll labeled SULUPHUPTU, it crumbles to dust.
It is a scroll of amnesia.
Forget Corona, freeing 1 spell level for a total of 6? [Y]es or [N]o only, please.
Forget Corona, freeing 1 spell level for a total of 6?
Your memory of Corona unravels.
* * * LOW HITPOINT WARNING * * *
You feel very sick. The adder barely misses you.
The kobold hits you with a +0 short sword of venom.
* * * LOW HITPOINT WARNING * * *
You are more poisoned.
Blink to where?
Press: ? - help, Dir - move target cursor You are very lightly contaminated with residual magic.
As you read the scroll labeled HOINOO JUEPLYNG, it crumbles to dust.
It was a scroll of blinking.
You die...

.. . ...### #.##.
#...... ..#. #.....#
#.#. ##### ##.....# #...
....# ......# #..#
###... #=#...### ##...
......##.#.....#####..##
#..@.............###
#......###..........
#####...##.########.....
#......g##......#######.
..#####S#######....###.)
#..ยง.# ####..##..
#..##K# ##..... #..# .#
###... ...# .. ##..


You could see an adder and a goblin.

Vanquished Creatures
  3 dart slugs (D:1)
  3 giant cockroaches (D:1)
  8 goblins (D:1)
  4 hobgoblins (D:1)
  3 jackals (D:1)
  A ball python (D:1)
  8 bats (D:1)
  A kobold (D:1)
  9 rats (D:1)
40 creatures vanquished.

Notes
Turn   | Place    | Note
-------+----------+-------------------------------------------
     0 | D:1      | Mrkan the Ogre Arcane Marksman began the quest for the Orb.
     0 | D:1      | Reached XP level 1. HP: 19/19 MP: 2/2
   209 | D:1      | Reached XP level 2. HP: 11/28 MP: 4/4
   480 | D:1      | Reached skill level 1 in Maces & Flails
   519 | D:1      | Reached XP level 3. HP: 20/35 MP: 5/5
   531 | D:1      | Reached skill level 3 in Hexes
  1635 | D:2      | Found a shimmering altar of Xom.
  1635 | D:2      | Found an ornate altar of the Wu Jian Council.
  1636 | D:2      | Found a bloodstained altar of Trog.
  1650 | D:2      | Found a glowing golden altar of the Shining One.
  1653 | D:2      | Became a worshipper of Trog the Wrathful
  1768 | D:2      | Succumbed to a kobold's poison

Levels and vault maps discovered:
D:1:      dpeg_arrival_subterranean_lakeside_camping, layout_basic,
          minmay_crystal_room, st_stairs_8, minivault_24
D:2:      layout_rooms, nicolae_overflow_quartered_altars

Skill      XL: |  1  2  3 |
---------------+----------+-----
Maces & Flails | 1 |  1.4
Fighting       | 2 |  2.3
Hexes          | 3 |  3.0
Spellcasting   | 2 |  2.0
Throwing       | |  2.0
Dodging        | |  1.7

Action                   || total
-------------------------++-------
Melee: Whip              ||   155
       Unarmed           ||    13
Throw: Large rock        ||     4
  Use: Scroll            ||     2
  Eat: Chunk             ||     2
Armor: Robe              ||    76
Dodge: Dodged            ||   112
